 Dungeon Crawl Stone Soup version 0.29-a0-551-gffc1d7fb78 (webtiles) character file.

Game seed: 7428825485531010597

175 Anon1729 the Cudgeller (level 5, -2/47 HPs)
             Began as a Minotaur Monk on June 5, 2022.
             Was a Believer of Okawaru.
             Slain by an orc
             ... wielding a +0 falchion
              (6 damage)
             ... on level 3 of the Dungeon.
             The game lasted 00:02:04 (2760 turns).

Anon1729 the Cudgeller (Minotaur Monk)              Turns: 2760, Time: 00:02:05

Health: -2/47      AC:  9    Str: 17    XL:     5   Next: 29%
Magic:  5/5        EV:  8    Int:  7    God:    Okawaru [**....]
Gold:   125        SH:  0    Dex: 13    Spells: 4/4 levels left

rFire   . . .      SeeInvis .   a - +0 mace
rCold   . . .      Faith    .   (no shield)
rNeg    . . .      Spirit   .   s - +0 chain mail
rPois   .          Reflect  .   (helmet restricted)
rElec   .          Harm     .   n - +0 cloak
rCorr   .          Rampage  .   (no gloves)
Will    .....                   (no boots)
Stlth   ..........              (no amulet)
HPRegen 0.15/turn               r - ring of flight
MPRegen 0.09/turn               (no ring)

@: flying
A: horns 2, retaliatory headbutt
a: Renounce Religion, Heroism


You were on level 3 of the Dungeon.
You worshipped Okawaru.
Okawaru was pleased with you.
You visited 1 branch of the dungeon, and saw 3 of its levels.

You collected 125 gold pieces.

Inventory:

Hand Weapons
 a - a +0 mace (weapon)
Missiles
 p - 12 poisoned darts (quivered)
Armour
 b - a +0 robe
 k - a +0 ring mail
 n - a +0 cloak (worn)
 s - a +0 chain mail (worn)
Jewellery
 r - a ring of flight (left hand)
 t - a ring of wizardry
Scrolls
 d - 3 scrolls of identify {unknown}
 e - a scroll of magic mapping {unknown}
 h - 2 scrolls of summoning {unknown}
 j - 2 scrolls of poison {unknown}
 m - 4 scrolls of teleportation {unknown}
 o - a scroll of noise {unknown}
 u - a scroll of vulnerability {unknown}
Potions
 c - a potion of ambrosia
 f - a potion of magic {unknown}
 g - a potion of curing {unknown}
 i - a potion of attraction {unknown}
 l - a potion of heal wounds {unknown}
 q - a potion of might {unknown}


   Skills:
 + Level 4.6 Fighting
 * Level 5.5 Maces & Flails
 + Level 2.4 Armour
 - Level 3.3 Dodging
 - Level 1.6 Stealth
 * Level 1.7 Invocations


You had 4 spell levels left.
You didn't know any spells.
Your spell library was empty.

Dungeon Overview and Level Annotations

Branches:
Dungeon (3/15)

Altars:
Okawaru

Shops:
D:2 (


Innate Abilities, Weirdness & Mutations

You have a pair of horns on your head.
You reflexively headbutt those who attack you in melee.


Message History

The orc priest is heavily wounded.
The orc hits you but does no damage.
The orc priest hits you with a +0 dagger.
The orc hits you but does no damage. The orc hits you with a +0 mace.
You hit the orc priest. Your headbutt misses the orc priest.
The orc priest is severely wounded.
The orc hits you with a +0 falchion. The orc hits you but does no damage.
The orc priest miscasts a cantrip.
The orc hits you with a +0 mace.
There are monsters nearby!
There are monsters nearby!
You barely miss the orc priest.
The orc priest is severely wounded.
The orc completely misses you. The orc closely misses you.
The orc priest barely misses you. You furiously retaliate!
You headbutt the orc priest, but do no damage.
The orc hits you with a +0 mace. The orc closely misses you.
The orc barely misses you. The orc closely misses you.
The orc priest hits you but does no damage.
You hit the orc priest but do no damage.
The orc priest is severely wounded.
The orc hits you but does no damage.
The orc priest hits you with a +0 dagger.
* * * LOW HITPOINT WARNING * * *
The orc hits you but does no damage. The orc hits you with a +0 falchion.
* * * LOW HITPOINT WARNING * * *
You hit the orc priest but do no damage.
Your headbutt misses the orc priest.
The orc priest is severely wounded.
The orc hits you but does no damage. The orc priest closely misses you.
The orc hits you but does no damage. The orc hits you with a +0 falchion.
* * * LOW HITPOINT WARNING * * *
You hit the orc priest. You headbutt the orc priest.
You kill the orc priest!
Okawaru accepts your kill. The orc hits you but does no damage.
The orc hits you with a +0 mace!
* * * LOW HITPOINT WARNING * * *
The orc hits you but does no damage. The orc attacks as you move away!
The orc hits you with a +0 falchion.
You die...

..................######.........
..................# ##........
..................# ....
..................#######. ....
.......................... ....
##......###.....##........ ##.
##########.....##........ ..
...........##........ .
...........@oo.......
.............o)......
..............#####..
..............# ........#######
........# ........# #######


You could see 3 orcs.

Vanquished Creatures
  An orc priest (D:3)
  A hound (D:3)
  4 adders
  2 worms (D:2)
  2 dart slugs
  An orc (D:3)
  3 endoplasms
  4 hobgoblins
  7 jackals
  11 kobolds
  3 quokkas
  8 ball pythons
  7 bats
  4 frilled lizards
  4 goblins
  5 rats
67 creatures vanquished.

Notes
Turn   | Place    | Note
-------+----------+-------------------------------------------
     0 | D:1      | Anon1729 the Minotaur Monk began the quest for the Orb.
     0 | D:1      | Reached XP level 1. HP: 19/19 MP: 0/0
    45 | D:1      | Reached skill level 4 in Maces & Flails
    48 | D:1      | Reached XP level 2. HP: 6/27 MP: 1/1
   488 | D:1      | Reached skill level 1 in Armour
   999 | D:1      | Reached XP level 3. HP: 26/33 MP: 2/2
  1638 | D:2      | Found Hilugy's Antique Weapon Shoppe.
  1686 | D:2      | Reached XP level 4. HP: 39/40 MP: 3/3
  1694 | D:2      | Reached skill level 5 in Maces & Flails
  1710 | D:2      | Found an iron altar of Okawaru.
  1773 | D:2      | Became a worshipper of Warmaster Okawaru
  1773 | D:2      | Reached * piety under Okawaru
  1773 | D:2      | Reached ** piety under Okawaru
  2117 | D:2      | Reached skill level 1 in Invocations
  2671 | D:3      | Reached XP level 5. HP: 47/47 MP: 5/5
  2760 | D:3      | Slain by an orc

Illustrated notes

Levels and vault maps discovered:
D:1:      scummos_arrival_forest, layout_basic, grunt_decor_arrowhead,
          chequers_mini_garden
D:2:      layout_loops_cross, serial_shops, nicolae_shop_waterfront,
          basic_altar, minmay_misc_feat_chi
D:3:      layout_basic, mainiacjoe_overflow_brackets,
          mainiacjoe_overflow_surrounded_room

Skill      XL: |  1  2  3  4 |
---------------+-------------+-----
Maces & Flails | 4 5 |  5.5
Armour         | 1 2 |  2.4
Fighting       | 4 |  4.6
Invocations    | 1 |  1.7
Dodging        | |  3.3
Stealth        | |  1.6

Action                   |  1- 3 |  4- 6 || total
-------------------------+-------+-------++-------
Melee: Mace              |    86 |    56 ||   142
       Headbutt          |     5 |     8 ||    13
 Stab: Sleeping          |     3 |       ||     3
Armor: Robe              |     7 |       ||     7
       Ring mail         |    15 |    16 ||    31
       Chain mail        |       |    18 ||    18
Dodge: Dodged            |    61 |    49 ||   110

Table legend: (Time is in decaauts)
 A = Elapsed time spent in this place.
 B = Non-inter-level travel time spent in this place.
 C = Inter-level travel time spent in this place.
 D = Time resting spent in this place.
 E = Time spent auto-exploring this place.
 F = Levels seen in this place.
 G = Mean time per level.
                   A        B        C        D        E       F      G
               +--------+--------+--------+--------+--------+-----+--------+
         Total |   2784 |   2576 |    208 |      0 |   2141 |   3 |  928.0 |
       Dungeon |   2784 |   2576 |    208 |      0 |   2141 |   3 |  928.0 |
               +--------+--------+--------+--------+--------+-----+--------+

Top non-repeatable levels by time:
     D:1: 1223 daAuts
     D:2: 1069 daAuts
     D:3: 491 daAuts
